 Dungeon Crawl Stone Soup version 0.30.1-4-g462c640d31 (webtiles) character file.

Game seed: 1873406545238666733

14 Gorgoleon the Cudgeller (level 2, 0/31 HPs)
             Began as an Ogre Gladiator on Aug 14, 2023.
             Slain by Terence
             ... wielding a +0 falchion
              (7 damage)
             ... on level 1 of the Dungeon.
             The game lasted 00:02:18 (456 turns).

Gorgoleon the Cudgeller (Ogre Gladiator)             Turns: 456, Time: 00:02:19

Health: 0/31       AC:  4    Str: 17    XL:     2   Next: 45%
Magic:  2/2        EV: 10    Int:  9    God:
Gold:   35         SH:  0    Dex: 10    Spells: 1/1 levels left

rFire   . . .        a - +0 flail
rCold   . . .        (no shield)
rNeg    . . .        b - +1 robe
rPois   .            c - +0 hat
rElec   .            (no cloak)
rCorr   .            (gloves unavailable)
SInv    .            (boots unavailable)
Will    .....        (no amulet)
Stlth   +            (no ring)
HPRegen 0.25/turn    (no ring)
MPRegen 0.08/turn

%: no passive effects
@: no status effects
A: large, unfitting armour, tough skin 1
a: no special abilities


You were on level 1 of the Dungeon.
You visited 1 branch of the dungeon, and saw 2 of its levels.

You collected 35 gold pieces.

Inventory:

Hand Weapons
 a - a +0 flail (weapon)
Missiles
 d - 3 throwing nets (quivered)
 e - a large rock
Armour
 b - a +1 robe (worn)
 c - a +0 hat (worn)
Scrolls
 f - a scroll of teleportation


   Skills:
 - Level 3.0 Fighting
 + Level 3.3 Maces & Flails
 - Level 2.0 Throwing
 - Level 2.6 Dodging


You had one spell level left.
You didn't know any spells.
Your spell library was empty.

Dungeon Overview and Level Annotations

Branches:
Dungeon (2/15)

Altars:

Annotations:
D:1 Terence
D:2 Sigmund


Innate Abilities, Weirdness & Mutations

You are too large for most types of armour.
You have tough skin. (AC +1)


Message History

f - a scroll of teleportation
There are no items here.
You are starting to lose your buoyancy.
You float gracefully downwards.
Terence is nearby!
Terence is nearby!
Terence shouts!
You hear an angry hiss.
A frilled lizard comes into view.
Terence hits you with a +0 falchion.
You hit Terence but do no damage.
A kobold comes into view. It is wielding a +0 club.
Terence hits you with a +0 falchion.
You hit Terence but do no damage. Terence closely misses you.
You barely miss Terence. Terence hits you with a +0 falchion.
Terence closely misses you.
You barely miss Terence.
The frilled lizard completely misses you.
Terence hits you but does no damage.
You hit Terence.
Terence is moderately wounded.
The frilled lizard bites you. The kobold hits you with a +0 club.
Terence closely misses you.
You hit Terence.
Terence is heavily wounded.
The kobold closely misses you. The frilled lizard barely misses you.
Terence hits you with a +0 falchion.
* * * LOW HITPOINT WARNING * * *
You barely miss Terence.
Terence is heavily wounded.
The frilled lizard barely misses you. The kobold barely misses you.
Terence hits you with a +0 falchion.
* * * LOW HITPOINT WARNING * * *
You hit Terence but do no damage.
Terence is heavily wounded.
The kobold misses you. The frilled lizard closely misses you.
Terence drinks a potion.
Terence is healed!
The kobold closely misses you.
The frilled lizard bites you but does no damage.
Terence screams, "I want your blood!" Terence hits you with a +0 falchion!
You die...

#.. .....
#.#....
####..
#.#.)..
......
......
$.....
#.#..#
####..
#.#..#
#.#
#.#..# ..
#l#K.#
..#
#.@@.# .
#....#
####.# .#
##
##....#
.....####
....#...
...#.##


You could see Terence, a kobold and a frilled lizard.

Vanquished Creatures
  A dart slug (D:1)
  2 ball pythons (D:1)
  A bat (D:1)
  An endoplasm (D:1)
  A giant cockroach (D:1)
  A goblin (D:1)
  A hobgoblin (D:1)
  A quokka (D:1)
  A frilled lizard (D:1)
  A kobold (D:2)
11 creatures vanquished.

Notes
Turn   | Place    | Note
-------+----------+-------------------------------------------
     0 | D:1      | Gorgoleon the Ogre Gladiator began the quest for the Orb.
     0 | D:1      | Reached XP level 1. HP: 22/22 MP: 1/1
    96 | D:1      | Reached XP level 2. HP: 29/29 MP: 2/2
   246 | D:1      | You fall into a shaft and drop 1 floor!
   330 | D:2      | Noticed Sigmund
   347 | D:2      | Noticed Terence
   456 | D:1      | Slain by Terence

Illustrated notes

Levels and vault maps discovered:
D:1:      dpeg_arrival_arbitrary_c, layout_basic
D:2:      layout_basic, uniq_crazy_yiuf_cottage, uniq_sigmund, uniq_terence

Skill      XL: |  1  2 |
---------------+-------+-----
Maces & Flails | 3 |  3.3
Fighting       | 3 |  3.0
Throwing       | |  2.0
Dodging        | |  2.6

Action                     || total
---------------------------++-------
  Melee: Flail             ||    59
    Use: Scroll            ||     3
         Potion            ||     1
 Armour: Robe              ||    22
  Dodge: Dodged            ||    44
